 Dungeon Crawl Stone Soup version bcrawl-1.14 (webtiles) character file.

Game seed: 12609874915677703016

55 BRANGAR the Grasshopper (level 3, 0/19 HPs)
             Began as a Felid Warper on Sept 8, 2019.
             Slain by a crimson imp
             ... wielding a +0 short sword
              (4 damage)
             ... on level 2 of the Dungeon.
             The game lasted 00:09:20 (2896 turns).

BRANGAR the Grasshopper (Felid Warper)              Turns: 2896, Time: 00:09:20

Health: 0/19       AC:  1    Str:  9    XL:     3   Next: 93%
Magic:  6/6        EV: 18    Int: 15    God:
Gold:   120        SH:  0    Dex: 15    Spells: 4/5 levels left
                                        Lives:  0   Deaths: 0

rFire    . . .     SeeInvis +     - Unarmed
rCold    + . .     Gourm    .   (shield unavailable)
rNeg     . . .     Faith    .   (armour unavailable)
rPois    .         Spirit   .   (helmet unavailable)
rElec    .         Reflect  .   a - scarf {repulsion}
rCorr    .         Harm     .   (gloves unavailable)
MR       .....                  (boots unavailable)
Stlth    ++........             (no amulet)
HPRegen  0.06/turn              (no ring)
MPRegen  0.10/turn              (no ring)

@: repel missiles, quick
A: very small, no armour, no weapons or thrown items, stealth, antennae 1, claws
1, fangs 3, see invisible, carnivore, cold resistance 1, speed 1, shaggy fur 1,
slow metabolism 1, strong 1, sharp paws
a: no special abilities


You were on level 2 of the Dungeon.
You were not hungry.

You visited 1 branch of the dungeon, and saw 3 of its levels.

You collected 120 gold pieces.

Inventory:

Armour
 a - a scarf of repulsion (worn)
Magical Staves
 l - an uncursed staff of power {unknown}
Scrolls
 e - a scroll of remove curse {unknown}
 f - a scroll of fog {unknown}
 i - a scroll of enchant armour {unknown}
Potions
 g - a potion of invisibility
 h - a potion of curing
Comestibles
 c - 2 rations {!d}


   Skills:
 + Level 2.4 Fighting
 + Level 3.1 Dodging
 + Level 0.4 Stealth
 + Level 1.1 Unarmed Combat
 + Level 1.6 Spellcasting
 + Level 5.7 Translocations


You had 4 spell levels left.
You knew the following spells:

 Your Spells              Type           Power        Failure   Level  Hunger
a - Blink Other           Tloc           ###...       2%          1    ##.....

Your spell library contained the following spells:

 Spells                   Type           Power        Failure   Level  Hunger
 Blink                    Tloc           N/A          3%          2    ###....
 Teleport Other           Tloc           ###.....     7%          3    ####...
 Passage of Golubria      Tloc           N/A          52%         5    ######.
 Portal Projectile        Tloc           Unusable     N/A         3    N/A

Dungeon Overview and Level Annotations

Branches:
Dungeon (3/12)

Altars:

Annotations:
D:2 Robin


Innate Abilities, Weirdness & Mutations

You cannot wear almost all types of armour.
You are incapable of wielding weapons or throwing items.
Your paws allow you to move quietly. (Stealth)
You have sharp claws.
You have razor-sharp teeth.
You have supernaturally acute eyesight. (SInv)
You are carnivorous and can eat meat at any time.
You cover ground quickly.
You are covered in fur. (AC +1)
You have a slow metabolism.
Your sharp claws are effective at attacking unaware monsters.
You have a pair of small antennae on your head.
Your flesh is cold resistant. (rC+)
Your muscles are strong. (Str +2)


Message History

The crimson imp hits you with a +0 short sword.
You are too injured to fight recklessly!
You are too injured to fight recklessly!
You are too injured to fight recklessly!
You miss the crimson imp. The crimson imp barely misses you.
You scratch the crimson imp but do no damage.
The crimson imp misses you.
You scratch the crimson imp. Your bite misses the crimson imp.
The crimson imp is lightly wounded.
The crimson imp hits you with a +0 short sword.
You scratch the crimson imp but do no damage.
You closely miss the crimson imp.
The crimson imp hits you with a +0 short sword.
* * * LOW HITPOINT WARNING * * *
You scratch the crimson imp.
The crimson imp is lightly wounded.
The crimson imp barely misses you.
You barely miss the crimson imp.
The crimson imp hits you with a +0 short sword.
You die...

#.# #. ################)#
#.
##########>....#........#.#
#.
#[.......#)#...##.#####.#.#
#. #.######.#.##..##.#
#.#.# #. #.# #.#.##..##.#
#.#.# #.
###.######.#5###.##.# #.#.#
#. .........#.#.# #.##.#
#.#.####. ....####.#.#.#
#@.#.#####.#.#..>. ..).#
#.#.#.###5.........#.#.###
....#
#.#.......................
#####
#.........#............###
#########.#........#.#.#
#.#.#..........#
#..............#
####...........#
#...........#


You could see a crimson imp.

Vanquished Creatures
  A dart slug (D:1)
  2 leopard geckos
  An orc (D:3)
  5 bats
  A goblin (D:2)
  4 hobgoblins
  2 quokkas
  2 frilled lizards
  7 kobolds
  2 rats (D:2)
27 creatures vanquished.

Notes
Turn   | Place    | Note
-------+----------+-------------------------------------------
     0 | D:1      | BRANGAR the Felid Warper began the quest for the Orb.
     0 | D:1      | Reached XP level 1. HP: 11/11 MP: 3/3
   356 | D:1      | Reached XP level 2. HP: 15/16 MP: 4/4
   397 | D:2      | Reached skill level 5 in Translocations
   400 | D:2      | Noticed Robin
   782 | D:2      | Reached XP level 3. HP: 19/19 MP: 5/5
  1855 | D:3      | Reached skill level 1 in Unarmed Combat
  2883 | D:2      | Gained mutation: Your flesh is cold resistant. (rC+)
                  | [potion of mutation]
  2883 | D:2      | Gained mutation: You have a pair of small antennae on your
                  | head. [potion of mutation]
  2883 | D:2      | Gained mutation: Your muscles are strong. (Str +2) [potion
                  | of mutation]
  2896 | D:2      | Slain by a crimson imp

Skill      XL: |  1  2  3 |
---------------+----------+-----
Translocations | 5 |  5.7
Dodging        | 3 |  3.1
Unarmed Combat | 1 |  1.1
Fighting       | |  2.4
Stealth        | |  0.4
Spellcasting   | |  1.6

Action                   || total
-------------------------++-------
Melee: Unarmed           ||   230
       Bite              ||    11
       Punch             ||     2
 Cast: Blink Other       ||    23
  Use: Potion            ||     4
       Scroll            ||     3
  Eat: Ration            ||     2
Armor: Skin              ||     7
Dodge: Dodged            ||   221
       Deflected         ||     4
